 Dungeon Crawl Stone Soup version 0.19-a0-1886-gd64a0f0 (webtiles) character file.

1960 Amnesiac the Fighter (level 9, -2/114 HPs)
             Began as an Ogre Wizard on Oct 15, 2016.
             Slain by a killer bee (10 damage)
             ... on level 7 of the Dungeon.
             The game lasted 00:08:21 (4573 turns).

Amnesiac the Fighter (Ogre Wizard)                  Turns: 4573, Time: 00:08:22

Health: -2/114     AC:  5    Str: 14    XL:     9   Next: 19%
Magic:  10/14      EV: 10    Int: 20    God:
Gold:   195        SH:  0    Dex:  8    Spells: 4 memorised, 6 levels left

rFire  . . .     SeeInvis .     p - +4 dagger (venom)
rCold  . . .     Gourm    .     a - +0 robe
rNeg   . . .     Faith    .     (no shield)
rPois  +         Spirit   .     b - +1 hat
rElec  .         Dismiss  .     n - +0 cloak
rCorr  .         Reflect  .     (gloves unavailable)
MR     .....     Harm     .     (boots unavailable)
Stlth  +.........               (no amulet)
                                (no ring)
                                v - ring of poison resistance

@: confused, very slightly contaminated
A: unfitting armour, tough skin 1
a: no special abilities


You were on level 7 of the Dungeon.
You were hungry.

You visited 1 branch of the dungeon, and saw 7 of its levels.

You collected 195 gold pieces.

Inventory:

Hand Weapons
 i - a +3 hunting sling
 p - a +4 dagger of venom (weapon)
 r - a +0 giant spiked club
Missiles
 f - 20 sling bullets
 o - 5 curare-tipped needles
Armour
 a - a +0 robe (worn)
 b - a +1 hat (worn)
 n - a +0 cloak (worn)
 q - a +1 robe of the Archmagi
Jewellery
 t - the ring "Geesuzic" {rN+ Int+6 Dex-5}
   (You found it on level 4 of the Dungeon)

   [ring of positive energy]

   It affects your intelligence (+6).
   It affects your dexterity (-5).
   It protects you from negative energy.
 v - a ring of poison resistance (left hand)
Scrolls
 g - a scroll of amnesia
 k - 4 scrolls of remove curse
 m - a scroll of teleportation
 w - 3 scrolls of identify
 y - a scroll of enchant armour
Potions
 e - a potion of flight {unknown}
 s - a potion of heal wounds
 u - a potion of ambrosia
Books
 c - a book of Minor Magic

   Spells                             Type                      Level
   a - Magic Dart                     Conjuration                  1
   b - Blink                          Translocation                2
   c - Call Imp                       Summoning                    2
   d - Repel Missiles                 Charms/Air                   2
   e - Slow                           Hexes                        2
   f - Conjure Flame                  Conjuration/Fire             3
   g - Mephitic Cloud                 Conjuration/Poison/Air       3
Comestibles
 d - 3 bread rations
 j - 2 royal jellies
 l - 3 meat rations
 x - a beef jerky
 z - a slice of pizza


   Skills:
 + Level 14.4 Fighting
 - Level 1.7 Dodging
 - Level 1.4 Stealth
 - Level 3.6 Spellcasting
 - Level 0.6 Conjurations
 - Level 0.6 Summonings
   Level 0.6 Translocations


You had 6 spell levels left.
You knew the following spells:

 Your Spells              Type           Power        Failure   Level  Hunger
d - Call Imp              Summ           #.......     17%         2    ##.....
e - Mephitic Cloud        Conj/Pois/Air  #.......     38%         3    ###....
f - Magic Dart            Conj           #...         12%         1    None
s - Conjure Flame         Conj/Fire      #.......     38%         3    ###....


Dungeon Overview and Level Annotations

Branches:
Dungeon (7/15)
 Temple: D:4-7

Altars:
Hepliaklqana
Okawaru
Yredelemnul


Innate Abilities, Weirdness & Mutations

You are too large for most types of armour.
You have tough skin. (AC +1)


Message History

The killer bee stings you.
* * * LOW HITPOINT WARNING * * *
You are lethally poisoned!
The killer bee poisons you!
The killer bee completely misses you. x2
Unknown command.
You feel better. The killer bee stings you.
* * * LOW HITPOINT WARNING * * *
The killer bee stings you.
* * * LOW HITPOINT WARNING * * *
The killer bee stings you.
* * * LOW HITPOINT WARNING * * *
The killer bee barely misses you.
A killer bee comes into view.
You are confused.
You feel invigorated.
The killer bee buzzes angrily.
The killer bee stings you!
* * * LOW HITPOINT WARNING * * *
The killer bee stings you!
You die...

### ##@# ##yy# #((##
##(##################
##(y..................
##W.(†.................
#..((...############...
#.(###..## ##.> #..##
#...§# #.(


You could see a phantom and 3 killer bees.

Vanquished Creatures
  Grinder (D:6)
  The ghost of Iwannabefree the Chiller, an amateur MfIE (D:4)
  Duvessa (D:4)
  An orc warrior (D:6)
  3 ogres
  A black bear (D:4)
  A centaur (D:7)
  A bullfrog (D:7)
  Dowan (D:4)
  5 killer bees (D:7)
  4 crimson imps
  4 hounds
  A bullfrog skeleton (D:6)
  An orc priest (D:4)
  Terence (D:6)
  2 iguanas (D:5)
  3 orc wizards
  3 worker ants (D:5)
  4 gnolls (D:6)
  8 adders
  A river rat (D:5)
  A shadow imp (D:6)
  3 adder skeletons
  A worm (D:4)
  3 leopard geckos
  14 orcs
  A giant cockroach (D:5)
  3 goblins
  A hobgoblin (D:1)
  6 jackals
  2 ball pythons
  2 frilled lizards
  3 kobolds
  3 rats
91 creatures vanquished.

Vanquished Creatures (collateral kills)
  A killer bee (D:7)
  2 adders
  A goblin (D:3)
4 creatures vanquished.

Grand Total: 95 creatures vanquished

Notes
Turn   | Place    | Note
-------+----------+-------------------------------------------
     0 | D:1      | Amnesiac the Ogre Wizard began the quest for the Orb.
     0 | D:1      | Reached XP level 1. HP: 16/16 MP: 5/5
    18 | D:1      | Reached skill level 1 in Fighting
   116 | D:2      | Reached skill level 2 in Fighting
   116 | D:2      | Reached XP level 2. HP: 28/28 MP: 0/6
   131 | D:2      | Learned a level 2 spell: Call Imp
   240 | D:3      | Found an iron altar of Okawaru.
   276 | D:3      | Reached skill level 3 in Fighting
   728 | D:4      | Reached XP level 3. HP: 37/37 MP: 0/8
   757 | D:4      | Learned a level 3 spell: Mephitic Cloud
   761 | D:4      | Learned a level 3 spell: Conjure Flame
   865 | D:4      | Noticed an ogre
   866 | D:4      | Noticed Iwannabefree's ghost (amateur MfIE)
   883 | D:5      | Entered Level 5 of the Dungeon
   964 | D:5      | Reached skill level 4 in Fighting
   964 | D:5      | Reached XP level 4. HP: 45/49 MP: 5/9
   992 | D:5      | Reached skill level 5 in Fighting
  1053 | D:5      | Reached skill level 6 in Fighting
  1053 | D:5      | Reached XP level 5. HP: 45/59 MP: 10/10
  1355 | D:4      | Noticed Duvessa
  1357 | D:4      | Noticed Dowan
  1367 | D:4      | Killed Duvessa
  1367 | D:4      | Reached skill level 7 in Fighting
  1367 | D:4      | Reached XP level 6. HP: 57/71 MP: 8/11
  1370 | D:4      | Killed Dowan
  1370 | D:4      | Reached skill level 8 in Fighting
  1434 | D:4      | Noticed a black bear
  1441 | D:4      | Killed a black bear
  1567 | D:4      | Reached skill level 9 in Fighting
  1567 | D:4      | Reached XP level 7. HP: 83/83 MP: 9/12
  1614 | D:4      | Killed Iwannabefree's ghost
  1614 | D:4      | Reached skill level 10 in Fighting
  1763 | D:4      | Got a bound brass ring
  1764 | D:4      | Identified the ring "Geesuzic" {rN+ Int+6 Dex-5} (You found it on level 4 of the Dungeon)
  2050 | D:5      | Found a hazy altar of Hepliaklqana.
  2343 | D:5      | Reached skill level 11 in Fighting
  2371 | D:5      | Reached XP level 8. HP: 84/97 MP: 13/13
  3145 | D:6      | Reached skill level 12 in Fighting
  3286 | D:6      | Noticed Terence
  3301 | D:6      | Killed Terence
  3600 | D:6      | Found a basalt altar of Yredelemnul.
  3651 | D:6      | Noticed Grinder
  3667 | D:6      | Killed Grinder
  3667 | D:6      | Reached skill level 13 in Fighting
  4313 | D:7      | Reached XP level 9. HP: 66/111 MP: 5/14
  4537 | D:7      | Reached skill level 14 in Fighting
  4573 | D:7      | Slain by a killer bee

Vault maps used:
D:1:      grunt_arrival_crossed_arrows, minmay_ruptured
D:2:      amethyst_overflow_temple_binary, ecumenical_altar_1,
          minmay_octomino_c4, uniq_natasha
D:3:      lemuel_zombie_altar_yredelemnul, nicolae_tso_carved_into_rock,
          okawaru_ov_weapons_minmay, minmay_misc_feat_cross,
          hangedman_decor_push, makhleb_heckhound_becter, uniq_terence,
          uniq_sigmund
D:4:      black_bear_nest_1, uniq_duvessa
D:5:      nicolae_overflow_crystal_walls, first_bread, gup_sewer_entry_spiral
D:6:      basic_altar, uniq_grinder
D:7:      cheibrodos_grave_circle, nemelex_xobeh_ov_fountains_minmay

Skill      XL: |  1  2  3  4  5  6  7  8  9 |
---------------+----------------------------+-----
Fighting       | 2 3 4 6 7 9 11 13 14 | 14.4
Dodging        | |  1.7
Stealth        | |  1.4
Spellcasting   | |  3.6
Conjurations   | |  0.6
Summonings     | |  0.6
Translocations | |  0.6

Action                   |  1- 3 |  4- 6 |  7- 9 || total
-------------------------+-------+-------+-------++-------
Melee: Dagger            |    12 |       |     1 ||    13
       Hand axe          |     7 |       |       ||     7
 Fire: Hunting sling     |    14 |    73 |   266 ||   353
 Cast: Magic Dart        |    26 |       |       ||    26
       Call Imp          |     7 |       |       ||     7
       Conjure Flame     |     1 |     2 |     1 ||     4
       Mephitic Cloud    |       |     1 |     6 ||     7
  Use: Scroll            |     5 |       |     2 ||     7
       Potion            |     1 |       |     2 ||     3
  Eat: Chunk             |       |     2 |    10 ||    12
Armor: Robe              |    16 |     6 |    33 ||    55
Dodge: Dodged            |    33 |     8 |    92 ||   133
